 Dungeon Crawl Stone Soup version 0.17.0-26-gececa24 (console) character file.

517 gw the Charmwright (level 7, -1/52 HPs)
             Began as a Human Skald on Nov 19, 2015.
             Was a Follower of Elyvilon.
             Slain by Edmund
             ... wielding a +2 flail of holy wrath
              (11 damage)
             ... on level 5 of the Dungeon.
             The game lasted 00:06:52 (8356 turns).

gw the Charmwright (Human Skald)                    Turns: 8356, Time: 00:06:52

Health: -1/52      AC:  1    Str: 12    XL:     7   Next: 44%
Magic:  1/12       EV: 11    Int: 14    God:    Elyvilon [*.....]
Gold:   198        SH:  0    Dex: 13    Spells: 5 memorised, 2 levels left

rFire  . . .     SeeInvis .     b - +0 war axe
rCold  . . .     Clarity  +     i - +0 leather armour
rNeg   . . .     SustAt   .     (no shield)
rPois  .         Gourm    .     (no helmet)
rElec  .         Spirit   .     (no cloak)
rCorr  .         Warding  .     (no gloves)
rMut   .         Stasis   .     (no boots)
MR     .....                    (no amulet)
Stlth  +.........               (no ring)
                                (no ring)

@: infused, not resistant to hostile enchantments, very unstealthy
A: claws 1, clarity, deformed body
a: Lesser Healing, Divine Protection, Renounce Religion


You were on level 5 of the Dungeon.
You worshipped Elyvilon.
Elyvilon was aware of your devotion.
You were near starving.

You visited 1 branch of the dungeon, and saw 5 of its levels.

You collected 198 gold pieces.

Inventory:

Hand Weapons
 b - a +0 war axe (weapon)
Missiles
 f - 138 stones (quivered)
 g - 32 poisoned needles
Armour
 i - a +0 leather armour (worn)
Wands
 a - a wand of polymorph (18)
Scrolls
 h - 2 scrolls of identify
 o - 3 scrolls of remove curse
Potions
 e - a potion of heal wounds
 j - a potion of haste
 m - a potion of curing
Books
 c - a book of Battle

   Spells                             Type                      Level
   a - Infusion                       Charms                       1
   b - Shroud of Golubria             Charms/Translocation         2
   c - Song of Slaying                Charms                       2
   d - Spectral Weapon                Hexes/Charms                 3
   e - Regeneration                   Charms/Necromancy            3
 k - a book of Spatial Translocations

   Spells                             Type                      Level
   a - Apportation                    Translocation                1
   b - Blink                          Translocation                2
   c - Shroud of Golubria             Charms/Translocation         2
   d - Portal Projectile              Translocation                3
   e - Teleport Other                 Translocation                3
   f - Passage of Golubria            Translocation                4
 t - a book of Summonings

   Spells                             Type                      Level
   a - Recall                         Summoning/Translocation      3
   b - Aura of Abjuration             Summoning                    5
   c - Shadow Creatures               Summoning                    5
   d - Summon Demon                   Summoning                    5
   e - Summon Forest                  Summoning/Translocation      5
   f - Summon Mana Viper              Hexes/Summoning              5
Comestibles
 d - 5 bread rations
 l - 3 meat rations


   Skills:
 + Level 3.3 Fighting
 + Level 3.6 Axes
 + Level 2.6 Armour
 - Level 1.0 Dodging
 * Level 3.5 Spellcasting
 + Level 4.2 Charms
 * Level 3.0 Invocations


You had 2 spell levels left.
You knew the following spells:

 Your Spells              Type           Power        Failure   Level  Hunger
a - Infusion              Chrm           ##....       6%          1    #......
b - Shroud of Golubria    Chrm/Tloc      #.........   17%         2    ##.....
c - Song of Slaying       Chrm           ##......     10%         2    ##.....
d - Spectral Weapon       Hex/Chrm       #.......     34%         3    ###....
e - Regeneration          Chrm/Necr      #.........   34%         3    ###....


Dungeon Overview and Level Annotations

Branches:
Dungeon (5/15)
 Temple: D:4-7

Altars:
Elyvilon
Nemelex Xobeh
Okawaru

Annotations:
D:3 exclusion: downstairs
D:5 Edmund


Innate Abilities, Weirdness & Mutations

You have sharp fingernails.
You possess an exceptional clarity of mind.
Armour fits poorly on your strangely shaped body.


Message History

You feel much better.
Edmund hits you with a flail of holy wrath!
ATTACKING (-1,0)
You hit Edmund.
Edmund is heavily wounded.
Edmund says, "People accused me of being a cutpurse!"
Edmund barely misses you.
ATTACKING (-1,0)
You closely miss Edmund.
Edmund is heavily wounded.
Edmund closely misses you.
ATTACKING (-1,0)
You closely miss Edmund.
Edmund is heavily wounded.
Edmund hits you with a flail of holy wrath.
ATTACKING (-1,0)
You hit Edmund.
Edmund is severely wounded.
Edmund hits you with a flail of holy wrath! x2
You die...

.. #.##.# . #.##.# ##
#.#.##.#######.
#.#.##..(......
#.......>...... ###
###.##########.
....########.###... ##.
........................
..$(((@p.....#.......###
.#.#######..##...... .
#..# ..... # ....# #=..#
###.## ...# #.# .## #.#
#.# #.


You could see Edmund.

Table legend:
 A = Turns spent in this place as a percentage of turns spent in the entire game.
 B = Non-inter-level travel turns spent in this place as a percentage of non-inter-level travel turns spent in the entire game.
 C = Inter-level travel turns spent in this place as a percentage of turns spent in this place.
 D = Turns resting spent in this place as a percentage of non-inter-level travel turns spent in this place.
 E = Turns spent auto-exploring this place as a percentage of non-inter-level travel turns spent in this place.
 F = Non-inter-level travel turns spent in this place divided by the number of levels of this place that you've seen.
                   A       B       C       D       E      F
               +-------+-------+-------+-------+-------+----------------------
         Total | 100.0 | 100.0 |   0.4 |   2.2 |   1.5 | 2086.4
       Dungeon | 100.0 | 100.0 |   0.4 |   2.2 |   1.5 | 2086.4
               +-------+-------+-------+-------+-------+----------------------

Table legend:
 A = Kills in this place as a percentage of kills in entire the game.
 B = Kills by you in this place as a percentage of kills by you in the entire game.
 C = Kills by friends in this place as a percentage of kills by friends in the entire game.
 D = Other kills in this place as a percentage of other kills in the entire game.
 E = Experience gained in this place as a percentage of experience gained in the entire game.
 F = Experience gained in this place divided by the number of levels of this place that you have seen.
                   A       B       C       D       E      F
               +-------+-------+-------+-------+-------+----------------------
         Total | 100.0 | 100.0 |  -nan |  -nan | 100.0 | 147.8
       Dungeon | 100.0 | 100.0 |  -nan |  -nan | 100.0 | 147.8
               +-------+-------+-------+-------+-------+----------------------

Vanquished Creatures
  A phantom (D:4)
  An ogre (D:4)
  An orc wizard (D:4)
  An iguana (D:4)
  A hound (D:4)
  4 worker ants (D:4)
  Natasha (D:2)
  4 adders
  A worm (D:2)
  6 giant geckos
  10 orcs
  5 giant cockroaches
  7 goblins
  8 hobgoblins
  4 jackals (D:3)
  6 kobolds
  A quokka (D:2)
  A ball python (D:1)
  12 bats
  A giant gecko skeleton (D:4)
  4 giant newts
  A jackal skeleton (D:4)
  11 rats
92 creatures vanquished.

Notes
Turn   | Place    | Note
--------------------------------------------------------------
     0 | D:1      | gw the Human Skald began the quest for the Orb.
     0 | D:1      | Reached XP level 1. HP: 16/16 MP: 3/3
   148 | D:1      | Reached XP level 2. HP: 11/22 MP: 0/5
   298 | D:1      | Learned a level 2 spell: Shroud of Golubria
   301 | D:1      | Learned a level 2 spell: Song of Slaying
  1305 | D:1      | Reached XP level 3. HP: 27/27 MP: 0/6
  2181 | D:2      | Noticed Natasha
  2192 | D:2      | Killed Natasha
  2192 | D:2      | Reached XP level 4. HP: 24/33 MP: 0/7
  2275 | D:2      | Learned a level 3 spell: Spectral Weapon
  3893 | D:3      | Reached XP level 5. HP: 24/39 MP: 0/9
  4666 | D:3      | Found a white marble altar of Elyvilon.
  4674 | D:3      | Became a worshipper of Elyvilon the Healer
  5006 | D:4      | Found an iron altar of Okawaru.
  5013 | D:4      | Noticed a phantom
  5124 | D:4      | Found a sparkling altar of Nemelex Xobeh.
  5615 | D:4      | Noticed an ogre
  5640 | D:4      | Reached skill level 1 in Invocations
  6421 | D:3      | Gained mutation: Armour fits poorly on your strangely shaped body. [potion of mutation]
  6421 | D:3      | Gained mutation: You possess an exceptional clarity of mind. [potion of mutation]
  6421 | D:3      | Gained mutation: You have sharp fingernails. [potion of mutation]
  6546 | D:4      | Reached XP level 6. HP: 46/46 MP: 5/10
  6596 | D:4      | Learned a level 3 spell: Regeneration
  6630 | D:4      | Reached skill level 4 in Charms
  6963 | D:4      | Noticed a phantom
  7069 | D:4      | Killed a phantom
  7137 | D:4      | Killed an ogre
  7137 | D:4      | Reached XP level 7. HP: 37/52 MP: 0/12
  8211 | D:4      | Learned a level 2 spell: Shroud of Golubria
  8252 | D:5      | Entered Level 5 of the Dungeon
  8257 | D:5      | Reached * piety under Elyvilon
  8329 | D:5      | Noticed Edmund
  8356 | D:5      | Slain by Edmund

Action                   |  1- 3 |  4- 6 |  7- 9 || total
-------------------------+-------+-------+-------++-------
Melee: Hand axe          |    74 |   150 |       ||   224
       War axe           |       |    81 |    44 ||   125
Throw: Stone             |    24 |   242 |    17 ||   283
       Tomahawk          |       |    15 |       ||    15
 Cast: Infusion          |    25 |    41 |     7 ||    73
       Shroud of Golubri |    20 |    46 |    15 ||    81
       Song of Slaying   |       |     2 |       ||     2
Invok: Lesser Healing    |       |       |     2 ||     2
  Use: Scroll            |     3 |    11 |     1 ||    15
       Potion            |       |    10 |     1 ||    11
 Stab: Sleeping          |       |     2 |       ||     2
  Eat: Chunk             |     3 |    15 |     3 ||    21
       Bread ration      |     1 |     1 |       ||     2

Vault maps used:
D:1:      matt_arrival_spirals, lemuel_flame_loot_1
D:2:      uniq_natasha
D:3:      kennysheep_big_flooded_room, elyvilon_altar_5, first_bread
D:4:      kennysheep_spiral_hall, lemuel_round_altar, overflow_temple_1_default
D:5:      nicolae_overflow_hidden_temple, serial_shops, kennysheep_mini_moat,
          uniq_edmund
